 Dungeon Crawl Stone Soup version 0.28.0-43-g3370ac3207 (webtiles) character file.

Game seed: 12678687946556936131

8 Milton the Insei (level 2, 0/22 HPs)
             Began as a Djinni Transmuter on Mar 6, 2022.
             Slain by a jackal (1 damage)
             ... on level 1 of the Dungeon.
             The game lasted 00:01:35 (141 turns).

Milton the Insei (Djinni Transmuter)                 Turns: 141, Time: 00:01:36

Health: 0/22       AC:  2    Str:  9    XL:     2   Next: 15%
Gold:   6          EV: 12    Int: 14    God:
                   SH:  0    Dex: 13

rFire   + + .      SeeInvis .     - Unarmed
rCold   x . .      Faith    .   (no shield)
rNeg    . . .      Spirit   .   a - +0 robe
rPois   ∞          Reflect  .   (no helmet)
rElec   .          Harm     .   (no cloak)
rCorr   .          Rampage  .   (no gloves)
Will    .....                   (boots unavailable)
Stlth   +.........              (no amulet)
HPRegen 0.07/turn               (no ring)
MPRegen 0.00/turn               (no ring)

@: flying
A: sickness immunity, fire resistance 2, cold vulnerability 1, float, innate
caster, HP casting, extra vitality 1
a: no special abilities


You were on level 1 of the Dungeon.
You visited 1 branch of the dungeon, and saw 1 of its levels.

You collected 6 gold pieces.

Inventory:

Armour
 a - a +0 robe (worn)


   Skills:
 * Level 1.2 Fighting
 * Level 2.3 Dodging
 * Level 0.2 Stealth
 * Level 3.2 Unarmed Combat
 * Level 1.6 Spellcasting


You couldn't memorise any spells.
You knew the following spells:

 Your Spells              Type           Power      Damage    Failure   Level
a - Beastly Appendage     Tmut           10%        N/A       13%         1
b - Wereblood             Tmut           5%         N/A       19%         2
c - Spider Form           Tmut/Pois      5%         N/A       36%         3
d - Ice Form              Ice/Tmut       5%         N/A       77%         4
Your spell library was empty.

Dungeon Overview and Level Annotations

Branches:
Dungeon (1/15)

Altars:


Innate Abilities, Weirdness & Mutations

You are immune to sickness and miasma.
You are immune to poison.
Your flesh is very heat resistant. (rF++)
You are vulnerable to cold. (rC-)
You float through the air rather than walking.
You learn spells naturally, not from books.
Your magical power is your life essence.
You have superior vitality. (+4 MHP)


Message History

The jackal barely misses you.
There is an open door here.
The jackal closely misses you.
You see here a stone.
The jackal bites you.
* * * LOW HITPOINT WARNING * * *
You see here a stone.
You aren't carrying any potions.
You see here 2 stones.
The jackal closely misses you.
You see here 2 stones.
You see here a stone.
The jackal closely misses you.
You see here a stone.
You reach down and open the door.
The jackal bites you but does no damage.
The jackal misses you.
There is an open door here.
The jackal bites you.
* * * LOW HITPOINT WARNING * * *
The jackal bites you but does no damage.
Found a stone staircase leading down.
The jackal barely misses you. The jackal bites you.
* * * LOW HITPOINT WARNING * * *
The jackal completely misses you. The jackal misses you.
You reach down and open the door.
The jackal bites you but does no damage.
The jackal bites you.
* * * LOW HITPOINT WARNING * * *
There is an open door here.
The jackal bites you.
* * * LOW HITPOINT WARNING * * *
The jackal bites you but does no damage.
There is an open door here.
The jackal bites you but does no damage.
You see here a hobgoblin corpse.
The jackal closely misses you. The jackal bites you.
You die...

............+ ............#
............# ............#
#.........# #########
#..$......# #.......#
###....#### #.......# #
#####.†..#########.......###.#
....'....'.†..Kh@.............
#####....######...........##.
#....# #...........# # #....#
#...........# # #######
#...........# ####(((((###
#..[........#
##.((((((((####...........#
'..(((8.((..'.#...........#
##(((.(((((##.............#


You could see a jackal and a kobold.

Vanquished Creatures
  2 bats (D:1)
  2 hobgoblins (D:1)
  2 jackals (D:1)
  A rat (D:1)
7 creatures vanquished.

Notes
Turn   | Place    | Note
-------+----------+-------------------------------------------
     0 | D:1      | Milton the Djinni Transmuter began the quest for the Orb.
     0 | D:1      | Reached XP level 1. HP: 17/17 MP: 0/0
    86 | D:1      | Reached XP level 2. HP: 6/22 MP: 0/0
   129 | D:1      | HP: 1/22 [jackal (1)]
   141 | D:1      | Slain by a jackal

Illustrated notes

Levels and vault maps discovered:
D:1:      minmay_arrival_shattered_statue, layout_basic,
          shapermc_ecumenical_altar_mp_highgroup

Action                   || total
-------------------------++-------
Melee: Unarmed           ||    24
       Headbutt          ||     2
 Cast: Beastly Appendage ||     4
Armor: Robe              ||    10
Dodge: Dodged            ||    29
